 Dungeon Crawl Stone Soup version 0.19.5 (webtiles) character file.

8864 tognito the Fighter (level 11, -7/157 HPs)
             Began as a Minotaur Berserker on Apr 26, 2017.
             Was a High Priest of Trog.
             Mangled by a red ugly thing (11 damage)
             ... on level 10 of the Dungeon.
             The game lasted 00:26:47 (7712 turns).

tognito the Fighter (Minotaur Berserker)            Turns: 7712, Time: 00:26:48

Health: -7/157     AC: 18    Str: 31    XL:     11   Next: 15%
Magic:  10/10      EV: 12    Int:  4    God:    Trog [*****.]
Gold:   453        SH:  3    Dex:  9    Spells: 0 memorised, 10 levels left

rFire  + . .     SeeInvis +     a - +4 executioner's axe (chop)
rCold  . . .     Gourm    .     m - +3 chain mail {rF+}
rNeg   . . .     Faith    .     (shield currently unavailable)
rPois  .         Spirit   .     F - +0 hat {MR+}
rElec  .         Reflect  +     w - +0 cloak
rCorr  .         Harm     .     n - +1 pair of gloves
MR     +....     Clarity  +     (no boots)
Stlth  ..........               q - +3 amulet of reflection
                                j - ring of stealth
                                D - ring of see invisible

@: berserking, lethally poisoned (-7 -> -14), very quick
A: retaliatory headbutt, horns 2, blurry vision 1, clarity
a: Berserk, Trog's Hand, Brothers in Arms, Burn Spellbooks, Renounce Religion


You were on level 10 of the Dungeon.
You worshipped Trog.
Trog was extremely pleased with you.
You were very hungry.

You visited 1 branch of the dungeon, and saw 10 of its levels.

You collected 453 gold pieces.

Inventory:

Hand Weapons
 a - a +4 executioner's axe of chopping (weapon)
 b - a +0 shortbow
Missiles
 k - 140 arrows
 z - 31 bolts
Armour
 m - a +3 chain mail of fire resistance (worn)
 n - a +1 pair of gloves (worn)
 w - a +0 cloak (worn)
 F - a +0 hat of magic resistance (worn)
Jewellery
 i - an uncursed ring of protection from cold
 j - a ring of stealth (right hand)
 q - a +3 amulet of reflection (around neck)
 u - an uncursed amulet of harm {unknown}
 D - a ring of see invisible (left hand)
Wands
 r - a wand of digging (5/24)
 t - a wand of disintegration (24/24)
 y - a wand of acid (8/15)
Scrolls
 d - a scroll of fear
 e - 7 scrolls of remove curse
 l - 2 scrolls of recharging
 x - 3 scrolls of identify
Potions
 f - a potion of haste
 p - a potion of agility
 s - 2 potions of curing
 B - a potion of heal wounds
Comestibles
 c - 5 bread rations
 h - 10 fruits
 o - 4 meat rations
 v - 2 beef jerkies
 A - 13 royal jellies
 E - a slice of pizza


   Skills:
 * Level 12.4 Fighting
 * Level 12.2 Axes
 + Level 9.2 Armour
 + Level 7.7 Dodging


You had 10 spell levels left.
You didn't know any spells.

Dungeon Overview and Level Annotations

Branches:
Dungeon (10/15)            Temple (0/1) D:4            Lair (0/6) D:9
    Orc: D:9-12

Altars:
Ashenzari
Cheibriados
Fedhas
Gozag
Makhleb
Nemelex Xobeh
Okawaru
Sif Muna
Uskayaw
Vehumet
Xom
Zin
The Shining One

Shops:
D:7 :


Innate Abilities, Weirdness & Mutations

You reflexively headbutt those who attack you in melee.
You have a pair of horns on your head.
Scrolls take you a little longer to read.
You possess an exceptional clarity of mind.


Message History

You slash the cyan ugly thing!
The cyan ugly thing is moderately wounded.
You slice the red ugly thing!! You closely miss the white ugly thing.
You feel sick.
The white ugly thing closely misses you.
The cyan ugly thing trunk-slaps you. The cyan ugly thing shocks you!
* * * LOW HITPOINT WARNING * * *
The red ugly thing closely misses you.
You closely miss the cyan ugly thing.
The cyan ugly thing is moderately wounded.
You hit the red ugly thing. You slice the white ugly thing!!
You feel sick. The cyan ugly thing trunk-slaps you.
* * * LOW HITPOINT WARNING * * *
The cyan ugly thing shocks you!
* * * LOW HITPOINT WARNING * * *
The white ugly thing stings you but does no damage.
The red ugly thing tentacle-slaps you!
* * * LOW HITPOINT WARNING * * *
You are engulfed in flames!
You resist.
You die...

≈≈......≈ #≈..(((.# # ##
#≈.....≈# # .# #≈.....≈# # #####
#≈≈....≈# # ....####### #≈≈uu.#
# #####.#.#.# ##u## # #....#.#
#u@u# ##### ###....#.# ##.##
#########.... #........# #.#
#.†........## #........#
#.####.#######..#
#........######..........)....##
###..).###.........#.#######....
#.............##.#.# #..##
##..####.####.##.#.# #..# #..#
#.####.#[...# ####.(#


You could see 5 ugly things.

Vanquished Creatures
  Gastronok (D:9)
  Pikel (D:6)
  An ugly thing (D:10)
  A hornet (D:9)
  The ghost of Sagrath01 the Twirler, an amateur DsGl (D:5)
  2 hippogriffs
  Sigmund (D:2)
  2 humans (D:8)
  A steam dragon (D:9)
  2 hungry ghosts
  A water moccasin (D:7)
  2 hell hounds (D:9)
  3 sky beasts
  4 orc warriors
  2 phantoms
  An ice beast (D:7)
  3 ogres
  2 centaurs
  Blork the orc (D:6)
  5 bullfrogs
  A water moccasin zombie (D:8)
  2 scorpions
  9 killer bees
  15 wights
  4 howler monkeys
  3 crimson imps
  3 jellies (D:9)
  5 orc priests
  A centaur zombie (D:8)
  3 hounds
  2 bullfrog skeletons (D:5)
  15 orc wizards
  Terence (D:2)
  10 worker ants
  2 hound skeletons
  Robin (D:2)
  3 gnolls (D:4)
  A howler monkey skeleton (D:6)
  11 adders
  2 shadow imps
  7 oozes
  An adder skeleton (D:4)
  3 adder zombies
  A worm (D:3)
  5 leopard geckos
  47 orcs
  6 bats
  5 giant cockroaches
  16 goblins
  7 hobgoblins
  7 jackals
  2 quokkas
  2 ball pythons
  5 frilled lizards
  7 kobolds
  2 quokka skeletons (D:5)
  8 rats
262 creatures vanquished.

Vanquished Creatures (collateral kills)
  A killer bee (D:9)
1 creature vanquished.

Vanquished Creatures (others)
  A leopard gecko (D:5)
1 creature vanquished.

Grand Total: 264 creatures vanquished

Notes
Turn   | Place    | Note
-------+----------+-------------------------------------------
     0 | D:1      | tognito the Minotaur Berserker began the quest for the Orb.
     0 | D:1      | Reached XP level 1. HP: 19/19 MP: 0/0
   111 | D:1      | Reached XP level 2. HP: 21/27 MP: 1/1
   588 | D:2      | Noticed Terence
   590 | D:2      | Noticed Robin
   597 | D:2      | Reached XP level 3. HP: 33/33 MP: 2/2
   599 | D:2      | Killed Terence
   599 | D:2      | Reached ** piety under Trog
   602 | D:2      | Killed Robin
   602 | D:2      | Reached XP level 4. HP: 34/41 MP: 3/3
   984 | D:2      | Noticed Sigmund
  1005 | D:2      | Killed Sigmund
  1005 | D:2      | Reached skill level 5 in Fighting
  1005 | D:2      | Reached skill level 5 in Axes
  1005 | D:2      | Reached XP level 5. HP: 30/48 MP: 4/4
  1046 | D:2      | Found a shimmering altar of Xom.
  1049 | D:2      | Noticed an angel
  1247 | D:2      | Found a glowing silver altar of Zin.
  1416 | D:3      | Found a blossoming altar of Fedhas.
  1497 | D:3      | Reached XP level 6. HP: 56/56 MP: 5/5
  1767 | D:3      | Found a deep blue altar of Sif Muna.
  2239 | D:4      | Reached *** piety under Trog
  2404 | D:4      | Reached XP level 7. HP: 64/64 MP: 6/6
  2857 | D:4      | Found a sparkling altar of Nemelex Xobeh.
  2858 | D:4      | Found an opulent altar of Gozag.
  3071 | D:4      | Found a staircase to the Ecumenical Temple.
  3220 | D:5      | Entered Level 5 of the Dungeon
  3267 | D:5      | Noticed Sagrath01's ghost (amateur DsGl)
  3282 | D:5      | Killed Sagrath01's ghost
  3282 | D:5      | Reached skill level 5 in Armour
  3284 | D:5      | Reached XP level 8. HP: 73/73 MP: 7/7
  3358 | D:5      | Found a radiant altar of Vehumet.
  3517 | D:5      | Reached **** piety under Trog
  4057 | D:6      | Reached skill level 5 in Dodging
  4346 | D:6      | Noticed Pikel
  4360 | D:6      | Killed Pikel
  4360 | D:6      | Reached XP level 9. HP: 72/83 MP: 8/8
  4501 | D:6      | Found a snail-covered altar of Cheibriados.
  4561 | D:6      | Noticed Blork the orc
  4570 | D:6      | Killed Blork the orc
  4810 | D:7      | Reached skill level 10 in Fighting
  4810 | D:7      | Reached skill level 10 in Axes
  4852 | D:7      | Found a burning altar of Makhleb.
  4888 | D:7      | Found Oxkaemer's Book Shoppe.
  4903 | D:7      | Reached ***** piety under Trog
  5053 | D:7      | Received a gift from Trog
  5309 | D:7      | Gained mutation: You possess an exceptional clarity of mind. [potion of mutation]
  5309 | D:7      | Gained mutation: Scrolls take you a little longer to read. [potion of mutation]
  5698 | D:8      | Reached XP level 10. HP: 88/94 MP: 9/9
  6210 | D:8      | Found a hide-covered altar of Uskayaw.
  6214 | D:8      | Found an iron altar of Okawaru.
  6447 | D:9      | Found a staircase to the Lair.
  6452 | D:9      | Received a gift from Trog
  6519 | D:9      | Noticed Gastronok
  6533 | D:9      | Killed Gastronok
  6892 | D:9      | Reached XP level 11. HP: 104/104 MP: 10/10
  7266 | D:9      | Found a glowing golden altar of the Shining One.
  7266 | D:9      | Found a shattered altar of Ashenzari.
  7464 | D:10     | Entered Level 10 of the Dungeon
  7696 | D:10     | Noticed a green ugly thing
  7699 | D:10     | Noticed a red ugly thing
  7700 | D:10     | Noticed a white ugly thing
  7701 | D:10     | Noticed a white ugly thing
  7706 | D:10     | Killed a green ugly thing
  7707 | D:10     | Noticed a purple ugly thing
  7707 | D:10     | Noticed a purple ugly thing
  7712 | D:10     | HP: 4/157 [red ugly thing (12)]
  7712 | D:10     | Mangled by a red ugly thing

Skill      XL: |  1  2  3  4  5  6  7  8  9 10 11 |
---------------+----------------------------------+-----
Fighting       | 4 5 6 7 9 10 12 | 12.4
Axes           | 4 5 6 7 9 10 12 | 12.2
Armour         | 3 4 5 6 7 8 9 |  9.2
Dodging        | 3 4 5 6 7 |  7.7

Action                   |  1- 3 |  4- 6 |  7- 9 | 10-12 || total
-------------------------+-------+-------+-------+-------++-------
Melee: Hand axe          |    45 |   136 |       |       ||   181
       Headbutt          |     7 |    21 |    49 |    25 ||   102
       War axe           |       |     1 |   185 |       ||   186
       Battleaxe         |       |       |    51 |    83 ||   134
       Executioner's axe |       |       |       |    59 ||    59
 Fire: Shortbow          |       |       |    95 |    95 ||   190
Invok: Berserk           |     1 |       |     1 |     1 ||     3
       Burn Spellbooks   |       |       |     2 |     2 ||     4
       Brothers in Arms  |       |       |       |     1 ||     1
  Use: Potion            |     1 |     3 |     4 |     2 ||    10
       Scroll            |       |     8 |     5 |     3 ||    16
 Stab: Sleeping          |     2 |       |       |       ||     2
  Eat: Chunk             |       |     6 |    11 |    10 ||    27
       Fruit             |       |       |       |     1 ||     1
Armor: Animal skin       |     6 |     9 |       |       ||    15
       Chain mail        |       |    63 |   162 |    76 ||   301
       Skin              |       |       |       |     1 ||     1
Dodge: Dodged            |    25 |    77 |   109 |    76 ||   287
Block: Other             |       |    14 |    31 |    14 ||    59
       Reflection        |       |       |       |     2 ||     2
